 Dungeon Crawl Stone Soup version 0.24.1-5-g77f818bfca (webtiles) character file.

Game seed: 11732709143019677174, levelgen mode: deterministic

436 Atelerd the Sneak (level 7, 0/46 HPs)
             Began as an Octopode Wizard on Apr 23, 2020.
             Slain by Prince Ribbit (17 damage)
             ... on level 5 of the Dungeon.
             The game lasted 00:09:12 (5454 turns).

Atelerd the Sneak (Octopode Wizard)                 Turns: 5454, Time: 00:09:13

Health: 0/46       AC:  1    Str:  6    XL:     7   Next: 1%
Magic:  9/13       EV: 14    Int: 22    God:
Gold:   195        SH:  0    Dex: 11    Spells: 5/14 levels left

rFire    . . .     SeeInvis .   r - +1 short sword (venom)
rCold    . . .     Gourm    .   (no shield)
rNeg     . . .     Faith    .   a - +0 hat
rPois    .         Spirit   .   (no amulet)
rElec    .         Reflect  .   m - ring of flight
rCorr    .         Harm     .   (no ring)
MR       .....                  (no ring)
Stlth    ++++......             (no ring)
HPRegen  0.15/turn              (no ring)
MPRegen  0.13/turn              (no ring)
                                (no ring)
                                (no ring)

@: no status effects
A: almost no armour, stealthy swim, amphibious, 8 rings, constrict 8, camouflage
1, gelatinous body 1
a: Evoke Flight


You were on level 5 of the Dungeon.
You were not hungry.

You visited 1 branch of the dungeon, and saw 5 of its levels.

You collected 195 gold pieces.

Inventory:

Hand Weapons
 b - a +0 short sword
 d - a +0 trident
 j - a +0 spear
 r - a +1 short sword of venom (weapon)
 x - a +4 quarterstaff of chaos
Armour
 a - a +0 hat (worn)
Jewellery
 m - a ring of flight (left tentacle)
Scrolls
 h - 2 scrolls of amnesia
 k - a scroll of fear {unknown}
 l - 2 scrolls of remove curse {unknown}
 o - 3 scrolls of blinking
 p - a scroll of teleportation {unknown}
 s - a scroll of enchant armour {unknown}
 w - a scroll of enchant weapon
 y - a scroll of magic mapping {unknown}
 z - a scroll of fog {unknown}
Potions
 e - a potion of lignification
 f - a potion of curing {unknown}
 g - 2 potions of cancellation {unknown}
 i - a potion of agility
 n - a potion of brilliance {unknown}
 q - 2 potions of invisibility {unknown}
 u - 4 potions of haste {unknown}
 v - a potion of resistance {unknown}
Comestibles
 c - 6 rations


   Skills:
 - Level 3.0 Fighting
 + Level 2.9 Dodging
 - Level 5.0 Stealth
 + Level 4.1 Spellcasting
 + Level 3.7 Conjurations
   Level 1.0 Summonings
 - Level 1.0 Translocations


You had 5 spell levels left.
You knew the following spells:

 Your Spells              Type           Power        Failure   Level  Hunger
a - Magic Dart            Conj           ###.         2%          1    None
b - Mephitic Cloud        Conj/Pois/Air  ##......     21%         3    ##.....
c - Blink                 Tloc           N/A          11%         2    #......
d - Conjure Flame         Conj/Fire      ##......     16%         3    ##.....

Your spell library contained the following spells:

 Spells                   Type           Power        Failure   Level  Hunger
 Call Imp                 Summ           #.......     11%         2    #......
 Slow                     Hex            #.......     17%         2    #......


Dungeon Overview and Level Annotations

Branches:
Dungeon (5/15)
 Temple: D:4-7

Altars:
Kikubaaqudgha
Qazlal

Annotations:
D:1 exclusion: 2 downstairs
D:4 Menkaure
D:5 exclusion: ogre, Prince Ribbit


Innate Abilities, Weirdness & Mutations

You cannot wear most types of armour.
You are very stealthy in the water. (Stealth+)
You are amphibious.
You can wear up to eight rings at the same time.
You can use your tentacles to constrict eight enemies at once.
Your skin changes colour to match your surroundings (Stealth+).
Your rubbery body absorbs attacks. (AC +1, EV +1)


Message History

Prince Ribbit is engulfed in noxious fumes.
Prince Ribbit appears confused.
Prince Ribbit misses you.
You barely miss Prince Ribbit. You grab Prince Ribbit.
Prince Ribbit is moderately wounded.
You constrict Prince Ribbit.
Prince Ribbit is engulfed in noxious fumes.
Prince Ribbit appears confused.
Prince Ribbit closely misses you.
Unknown command.
You hit Prince Ribbit.
Prince Ribbit is poisoned.
Prince Ribbit is heavily wounded.
You constrict Prince Ribbit. Prince Ribbit hits you!
Prince Ribbit struggles to escape constriction.
Unknown command.
You hit Prince Ribbit.
Prince Ribbit looks as sick as possible!
Prince Ribbit is severely wounded.
You constrict Prince Ribbit. Prince Ribbit hits you!
Unknown command.
You release your grip on Prince Ribbit.
Prince Ribbit hits you!
You die...

##...## ##'## #.# #.#
#.# #.# #.#
######.#########.#
..............##.# #
.###.....####.##.##.##.#
##.).## #.##.......#
##.## #.(F@...# ###
#########


You could see Prince Ribbit (confused).

Vanquished Creatures
  An ice beast (D:3)
  A scorpion (D:4)
  Crazy Yiuf (D:3)
  Natasha (thrice) (D:2)
  Terence (D:3)
  A worker ant (D:4)
  7 adders
  An ooze (D:2)
  2 worms (D:2)
  3 dart slugs
  2 leopard geckos
  4 orcs (D:3)
  7 bats
  4 giant cockroaches
  5 goblins
  2 hobgoblins
  5 jackals
  A quokka (D:4)
  A ball python (D:4)
  7 frilled lizards
  7 kobolds
  3 rats
69 creatures vanquished.

Vanquished Creatures (others)
  A goblin (D:1)
1 creature vanquished.

Grand Total: 70 creatures vanquished

Notes
Turn   | Place    | Note
-------+----------+-------------------------------------------
     0 | D:1      | Atelerd the Octopode Wizard began the quest for the Orb.
     0 | D:1      | Reached XP level 1. HP: 11/11 MP: 4/4
   163 | D:1      | Reached XP level 2. HP: 18/18 MP: 6/6
   227 | D:1      | Reached skill level 1 in Fighting
   278 | D:1      | Reached skill level 3 in Stealth
   913 | D:2      | Reached XP level 3. HP: 23/23 MP: 5/7
   918 | D:2      | Learned a level 3 spell: Mephitic Cloud
   921 | D:2      | Learned a level 2 spell: Blink
  1466 | D:2      | Noticed Natasha
  1908 | D:2      | Killed Natasha
  1908 | D:2      | Reached XP level 4. HP: 19/29 MP: 6/9
  1934 | D:2      | Noticed Natasha
  3000 | D:2      | Killed Natasha
  3000 | D:2      | Reached XP level 5. HP: 35/35 MP: 6/10
  3200 | D:2      | Noticed Natasha
  3209 | D:2      | Killed Natasha
  3408 | D:3      | Learned a level 3 spell: Conjure Flame
  3565 | D:3      | Found a runed translucent door.
  3566 | D:3      | Noticed Crazy Yiuf
  3634 | D:3      | Killed Crazy Yiuf
  3634 | D:3      | Reached skill level 4 in Stealth
  3820 | D:3      | Noticed Terence
  3849 | D:3      | Noticed an ice beast
  3915 | D:3      | Killed Terence
  3915 | D:3      | Reached XP level 6. HP: 14/42 MP: 11/11
  4221 | D:3      | Found an ancient bone altar of Kikubaaqudgha.
  4398 | D:3      | Killed an ice beast
  4715 | D:4      | Noticed Menkaure
  4983 | D:4      | Found a stormy altar of Qazlal.
  5271 | D:4      | Reached skill level 5 in Stealth
  5271 | D:4      | Reached XP level 7. HP: 46/46 MP: 7/13
  5367 | D:5      | Entered Level 5 of the Dungeon
  5446 | D:5      | Noticed Prince Ribbit
  5454 | D:5      | Slain by Prince Ribbit

Levels and vault maps discovered:
D:1:      dpeg_arrival_tiny_d, layout_rooms
D:2:      layout_basic, first_ration, uniq_natasha
D:3:      layout_basic, kiku_gazebo_garden_becter, minmay_misc_feat_square,
          uniq_crazy_yiuf_cottage, uniq_terence
D:4:      layout_cave_pools, nicolae_qazlal_general_emergency, uniq_menkaure
D:5:      layout_loops_corners, lemuel_doored_altar, uniq_prince_ribbit1,
          uniq_duvessa

Skill      XL: |  1  2  3  4  5  6 |
---------------+-------------------+-----
Fighting       | 1 2 3 |  3.0
Stealth        | 3 4 5 |  5.0
Conjurations   | 2 3 |  3.7
Spellcasting   | 4 |  4.1
Dodging        | |  2.9
Summonings     | |  1.0
Translocations | |  1.0

Action                   |  1- 3 |  4- 6 |  7- 9 || total
-------------------------+-------+-------+-------++-------
Melee: Unarmed           |    10 |       |       ||    10
       Constrict         |    14 |    25 |     1 ||    40
       Short sword       |    36 |    86 |     4 ||   126
       Tentacles         |     8 |    15 |       ||    23
       Spear             |    22 |       |       ||    22
 Cast: Magic Dart        |    20 |    35 |     1 ||    56
       Mephitic Cloud    |     3 |    14 |     1 ||    18
       Blink             |     1 |       |       ||     1
       Conjure Flame     |       |     1 |       ||     1
Evoke: Wand              |       |     4 |       ||     4
  Use: Potion            |     1 |       |       ||     1
       Scroll            |       |     5 |       ||     5
 Stab: Sleeping          |     7 |     6 |     1 ||    14
       Confused          |     2 |     4 |       ||     6
  Eat: Chunk             |     1 |     9 |       ||    10
       Ration            |     1 |       |     1 ||     2
Armor: Skin              |     7 |     5 |       ||    12
Dodge: Dodged            |    60 |    81 |     2 ||   143
